 Dungeon Sprint DCSS version 0.28-a0-691-gad6df49e81 (webtiles) character file.

Game seed: 6171895605509111336

926 jsc133 the Grappler (level 7, -7/78 HPs)
             Began as a Troll Berserker on Oct 20, 2021.
             Was a High Priest of Trog.
             Mangled by a two-headed ogre (14 damage)
             ... in the Dungeon (Sprint IX: "|||||||||||||||||||||||||||||").
             The game lasted 00:01:55 (194 turns).

jsc133 the Grappler (Troll Berserker)                Turns: 194, Time: 00:01:55

Health: -7/78      AC:  4    Str: 28    XL:     7   Next: 85%
Magic:  6/6        EV: 14    Int:  3    God:    Trog [*****.]
Gold:   0          SH:  0    Dex: 12    Spells: 6/6 levels left

rFire   . . .      SeeInvis .   m - +4 quarterstaff (speed)
rCold   . . .      Faith    .   (shield currently unavailable)
rNeg    . . .      Spirit   .   a - +0 animal skin
rPois   .          Reflect  .   (helmet restricted)
rElec   .          Harm     .   (no cloak)
rCorr   .          Rampage  .   (gloves unavailable)
Will    .....      NoTele   +   (boots unavailable)
Stlth   +.........              (no amulet)
HPRegen 1.23/turn               u - +2 ring of evasion
MPRegen 0.10/turn               t - +3 ring of dexterity

@: no status effects
A: large, unfitting armour, claws 3, regeneration 1, shaggy fur 1, tough skin 1
a: Renounce Religion, Berserk, Trog's Hand, Brothers in Arms


You were in the Dungeon.
You worshipped Trog.
Trog was extremely pleased with you.
You visited 1 branch

Inventory:

Hand Weapons
 k - a +2 halberd of venom
 l - a +2 morningstar of protection
 m - a +4 quarterstaff of speed (weapon)
 n - a +2 rapier of draining
 o - a +2 scimitar of flaming
 p - a +3 war axe of freezing
Armour
 a - a +0 animal skin (worn)
 q - a +0 cloak
 r - a +0 pair of gloves
 s - a +1 scale mail
Jewellery
 t - a +3 ring of dexterity (right claw)
 u - a +2 ring of evasion (left claw)
Wands
 i - a wand of iceblast (10)
Scrolls
 g - 2 scrolls of blinking
 j - 2 scrolls of amnesia
Potions
 b - 5 potions of curing
 c - 3 potions of heal wounds
 d - a potion of haste
 e - 4 potions of magic
 f - a potion of berserk rage
 h - a potion of invisibility


   Skills:
 + Level 7.3 Fighting
 + Level 5.1 Staves
 + Level 8.1 Dodging
 + Level 10.8 Unarmed Combat


You had 6 spell levels left.
You didn't know any spells.
Your spell library was empty.

Dungeon Overview and Level Annotations

Branches:
Dungeon (1/1)

Altars:
Cheibriados
Dithmenos
Elyvilon
Fedhas
Gozag
Hepliaklqana
Kikubaaqudgha
Makhleb
Nemelex Xobeh
Okawaru
Qazlal
Ru
Sif Muna
Trog
Uskayaw
Vehumet
Wu Jian
Xom
Yredelemnul
Zin
The Shining One
Beogh
Jiyva
Lugonu


Innate Abilities, Weirdness & Mutations

You are too large for most types of armour.
You have claws for hands.
Your natural rate of healing is unusually fast.
You are covered in fur. (AC +1)
You have tough skin. (AC +1)


Message History

The centaur kicks you but does no damage.
You thump the centaur!
You kill the centaur!
Trog accepts your kill.
Your Staves skill increases to level 5!
The adder zombie misses you.
Things that are here:
a +0 shortbow; 18 arrows You sock the adder zombie!
You destroy the adder zombie!
Trog accepts your kill.
You hit the adder zombie.
The adder zombie is moderately damaged.
You bludgeon the adder zombie!!
You destroy the adder zombie!
Trog accepts your kill.
Trog will now gift you melee weapons as you gain piety.
You open the door.
A gargoyle, 2 centaur warriors, a two-headed ogre and a shadow come into view.
The centaur warrior shouts! x2; The two-headed ogre shouts in stereo!
You completely miss the two-headed ogre.
The two-headed ogre hits you with a +0 giant spiked club!
The two-headed ogre closely misses you.
The shadow slips into darkness.
The shadow flickers and vanishes!
Deactivating autopickup; reactivate with Ctrl-A.
You sock the two-headed ogre!
The two-headed ogre is lightly wounded.
You sock the two-headed ogre!
The two-headed ogre is moderately wounded.
The two-headed ogre hits you with a +0 giant spiked club!!
* * * LOW HITPOINT WARNING * * *
The two-headed ogre hits you with a +0 giant club!
* * * LOW HITPOINT WARNING * * *
You barely miss the two-headed ogre.
The two-headed ogre is moderately wounded.
You sock the two-headed ogre!
The two-headed ogre is heavily wounded.
The two-headed ogre hits you with a +0 giant spiked club!
You die... ▓▓▓▓▓▓▓▓▓▓▓▓▓▓▓▓▓▓▓▓▓▓▓▓ ..{9ccO@..).)'.........' ▓▓▓▓▓▓▓▓▓▓▓▓▓▓▓▓▓▓▓▓▓▓▓▓

You could see 2 centaur warriors, a two-headed ogre and a gargoyle.

Vanquished Creatures
  A two-headed ogre (D)
  A yak (D)
  A centaur (D)
  A phantom (D)
  A hound (D)
  An adder (D)
  3 adder zombies (D)
  A dart slug (D)
  2 giant cockroaches (D)
  2 kobolds (D)
  A giant cockroach zombie (D)
  A rat (D)
16 creatures vanquished.

Notes
Turn   | Place    | Note
-------+----------+-------------------------------------------
     0 | D        | jsc133 the Troll Berserker began the quest for the Orb.
     0 | D        | Reached XP level 1. HP: 22/22 MP: 0/0
    11 | D        | Reached ** piety under Trog
    24 | D        | Noticed a phantom
    24 | D        | Noticed a hound
    27 | D        | Reached XP level 2. HP: 31/31 MP: 1/1
    32 | D        | Reached *** piety under Trog
    33 | D        | Reached skill level 5 in Unarmed Combat
    33 | D        | Reached XP level 3. HP: 27/39 MP: 2/2
    47 | D        | Killed a phantom
    48 | D        | Reached skill level 5 in Dodging
    48 | D        | Reached skill level 6 in Unarmed Combat
    48 | D        | Reached XP level 4. HP: 13/49 MP: 3/3
    90 | D        | Found a snail-covered altar of Cheibriados.
    90 | D        | Found a shadowy altar of Dithmenos.
    90 | D        | Found a white marble altar of Elyvilon.
    90 | D        | Found a blossoming altar of Fedhas.
    90 | D        | Found an opulent altar of Gozag.
    91 | D        | Found a hazy altar of Hepliaklqana.
    92 | D        | Found a viscous altar of Jiyva.
    93 | D        | Found an ancient bone altar of Kikubaaqudgha.
    94 | D        | Found a corrupted altar of Lugonu.
    95 | D        | Found a burning altar of Makhleb.
    96 | D        | Found a sparkling altar of Nemelex Xobeh.
    97 | D        | Found an iron altar of Okawaru.
    98 | D        | Found a stormy altar of Qazlal.
    99 | D        | Found a sacrificial altar of Ru.
   100 | D        | Found a shimmering blue altar of Sif Muna.
   101 | D        | Found a bloodstained altar of Trog.
   102 | D        | Found a hide-covered altar of Uskayaw.
   103 | D        | Found a radiant altar of Vehumet.
   104 | D        | Found an ornate altar of the Wu Jian Council.
   105 | D        | Found a shimmering altar of Xom.
   106 | D        | Found a basalt altar of Yredelemnul.
   107 | D        | Found a glowing silver altar of Zin.
   108 | D        | Found a glowing golden altar of the Shining One.
   152 | D        | Noticed a centaur
   152 | D        | Noticed a yak
   152 | D        | Noticed a two-headed ogre
   153 | D        | Reached **** piety under Trog
   167 | D        | Killed a two-headed ogre
   168 | D        | Reached skill level 10 in Unarmed Combat
   168 | D        | Reached XP level 5. HP: 43/61 MP: 4/4
   168 | D        | Reached XP level 6. HP: 48/68 MP: 5/5
   168 | D        | Reached XP level 7. HP: 54/76 MP: 6/6
   177 | D        | Killed a yak
   182 | D        | Reached skill level 5 in Staves
   185 | D        | Reached ***** piety under Trog
   189 | D        | Noticed a shadow
   189 | D        | Noticed a gargoyle
   189 | D        | Noticed a centaur warrior
   189 | D        | Noticed a centaur warrior
   189 | D        | Noticed a two-headed ogre
   194 | D        | Mangled by a two-headed ogre

Illustrated notes

Levels and vault maps discovered:
D:        linesprint [early_d, line_temple, items_1, d_10, items_2, lair_1,
          lair_end, items_3, orc_1, orc_end, items_4, d_15, swamp_1, shoals_1,
          snake_1, spider_1, d_20, vaults_1, items_5, swamp_end, shoals_end,
          snake_end, spider_end, vaults_end, d_27, items_6, zot_1, zot_end,
          crypt_end, forest_end, elf_end, slime_end, tomb_end, abyss_end,
          pan_hell_end]

Skill      XL: |  1  2  3  4  5  6  7 |
---------------+----------------------+-----
Fighting       | 3 4 6 7 |  7.3
Dodging        | 3 5 7 8 |  8.1
Unarmed Combat | 5 6 10 | 10.8
Staves         | 4 5 |  5.1

Action                   |  1- 3 |  4- 6 |  7- 9 || total
-------------------------+-------+-------+-------++-------
Melee: Unarmed           |    37 |     2 |       ||    39
       Quarterstaff      |       |    14 |    20 ||    34
Armor: Animal skin       |     9 |     4 |     1 ||    14
Dodge: Dodged            |     8 |     6 |    13 ||    27

Table legend: (Time is in decaauts)
 A = Elapsed time spent in this place.
 B = Non-inter-level travel time spent in this place.
 C = Inter-level travel time spent in this place.
 D = Time resting spent in this place.
 E = Time spent auto-exploring this place.
 F = Levels seen in this place.
 G = Mean time per level.
                   A        B        C        D        E       F      G
               +--------+--------+--------+--------+--------+-----+--------+
         Total |    182 |    182 |      0 |      0 |      0 |   1 |  182.0 |
       Dungeon |    182 |    182 |      0 |      0 |      0 |   1 |  182.0 |
               +--------+--------+--------+--------+--------+-----+--------+

Top non-repeatable levels by time:
       D: 182 daAuts
